 Dungeon Crawl Stone Soup version 0.29.0-4-gdea44cf6ec (webtiles) character file.

Game seed: 2288413936670455403

51 qw the Chopper (level 3, -6/21 HPs)
             Began as a Tengu Warper on Aug 28, 2022.
             Mangled by an orc
             ... wielding a +1 falchion of protection
              (7 damage)
             ... on level 3 of the Dungeon.
             The game lasted 00:00:10 (2490 turns).

qw the Chopper (Tengu Warper)                       Turns: 2490, Time: 00:00:11

Health: -6/21      AC: 10    Str: 17    XL:     3   Next: 83%
Magic:  7/7        EV:  7    Int: 13    God:
Gold:   134        SH:  0    Dex: 10    Spells: 6/6 levels left

rFire   + + +      SeeInvis .   Y - +0 hand axe
rCold   . . .      Faith    .   (no shield)
rNeg    . . .      Spirit   .   j - +0 chain mail
rPois   +          Reflect  .   (helmet restricted)
rElec   .          Harm     .   c - +1 cloak {Stlth+}
rCorr   +          Rampage  .   (no gloves)
Will    .....                   (boots unavailable)
Stlth   ..........              (no amulet)
HPRegen 0.07/turn               d - ring of Ulici {rPois rF+++ rCorr Str+4 Dex-3}
MPRegen 0.10/turn               (no ring)

@: lethally poisoned (-6 -> -13), about to teleport
A: beak, talons 3
a: no special abilities


You were on level 3 of the Dungeon.
You visited 1 branch of the dungeon, and saw 3 of its levels.

You collected 134 gold pieces.


Innate Abilities, Weirdness & Mutations

You have a beak for a mouth.
You have claws for feet.


   Skills:
 - Level 2.0 Fighting
 + Level 4.4 Axes
 - Level 1.0 Throwing
 - Level 1.1 Armour
 - Level 2.1 Dodging
 - Level 2.0 Spellcasting
 - Level 2.4 Translocations


You had 6 spell levels left.
You didn't know any spells.
Your spell library contained the following spells:

 Spells                   Type           Power      Damage    Failure   Level
 Blink                    Tloc           14%        N/A       94%         2
 Gell's Gravitas          Tloc           7%         N/A       99%         3
 Lesser Beckoning         Tloc           7%         N/A       99%         3
 Teleport Other           Tloc           7%         N/A       99%         3
 Manifold Assault         Tloc           7%         N/A       100%        5

Inventory:

Hand Weapons
 a - a +0 flail
 Y - a +0 hand axe (weapon)
Armour
 c - a +1 cloak of stealth (worn)
 j - a +0 chain mail (worn)
Jewellery
 d - the ring of Ulici (left hand) {rPois rF+++ rCorr Str+4 Dex-3}
   (You found it on level 2 of the Dungeon)

   [ring of resist corrosion]

   Str:       It affects your strength (+4).
   Dex:       It affects your dexterity (-3).
   rF:        It renders you almost immune to fire.
   rPois:     It protects you from poison.
   rCorr:     It protects you from acid and corrosion.
Scrolls
 f - a scroll of identify
Potions
 g - a potion of resistance
 h - a potion of mutation {unknown}
 i - a potion of heal wounds {unknown}
 l - a potion of brilliance {unknown}

Dungeon Overview and Level Annotations

Branches:
Dungeon (3/15)

Altars:


Message History

2482 ||| Stepping ~*~*~tactically~*~*~ (stealth).
You feel very sick.
You closely miss the orc priest.
You feel sick.
You hit the orc.
The orc is moderately wounded.
You feel sick.
You hit the orc but do no damage.
The orc is moderately wounded.
You feel sick. The orc hits you but does no damage.
You barely miss the orc. You claw the orc, but do no damage.
The orc is moderately wounded.
You feel sick. The orc closely misses you.
You hit the orc but do no damage. You claw the orc, but do no damage.
The orc is moderately wounded.
You barely miss the orc priest.
You feel sick.
The orc priest hits you with a +4 dagger of venom.
The orc hits you but does no damage.
You closely miss the orc. Your kick misses the orc.
The orc is lightly wounded.
You closely miss the orc priest.
You feel sick.
The orc priest hits you but does no damage.
The orc hits you but does no damage.
You hit the orc but do no damage.
The orc is lightly wounded.
You barely miss the orc priest.
You feel sick.
You are no longer poisoned.
The orc priest hits you with a +4 dagger of venom.
You are lethally poisoned!
The orc hits you but does no damage.
2490 ||| READING scroll of teleportation.
As you read the scroll of teleportation, it crumbles to dust.
You feel strangely unstable.
You feel very sick.
The orc priest hits you but does no damage.
The orc hits you with a +1 falchion of protection!
You die...

..#######[# #........#
..<.).....#####..########
%%#######................
..#######.#####..########
..........# #..#
.#.##.##..#####..#
##.##.##.........#
##.##.###.######.#####
..........# #@#.oo#
##.##.##### #oo# #.##.#
#.## #.##.# #.# #.##.#
#.# #.##.# ##. .....# #
....##


You could see an orc priest and an orc.

Vanquished Creatures
  An adder (D:2)
  A dart slug (D:1)
  3 ball pythons (D:1)
  6 endoplasms
  3 giant cockroaches
  2 goblins
  2 hobgoblins (D:1)
  3 kobolds (D:1)
  2 quokkas (D:2)
  6 bats
  5 frilled lizards
  6 rats
40 creatures vanquished.

Notes
Turn   | Place    | Note
-------+----------+-------------------------------------------
     0 | D:1      | qw the Tengu Warper began the quest for the Orb.
     0 | D:1      | Reached XP level 1. HP: 12/12 MP: 4/4
     0 | D:1      | 0 ||| qw: Version: 0.1-a-89-g26bdef1
     0 | D:1      | 0 ||| qw: Game counter: 988
     0 | D:1      | 0 ||| qw: Always use a shield: true
     0 | D:1      | 0 ||| qw: God list: Okawaru
     0 | D:1      | 0 ||| qw: Allow faded altars: false
     0 | D:1      | 0 ||| qw: Do Orc after D:15 true
     0 | D:1      | 0 ||| qw: Do second Lair branch before Depths: true
     0 | D:1      | 0 ||| qw: Lair rune preference: random
     0 | D:1      | 0 ||| qw: Plans: Normal
     0 | D:1      | 0 ||| PLANNING D:1-11
    58 | D:1      | Reached XP level 2. HP: 17/17 MP: 6/6
    75 | D:1      | Reached skill level 3 in Axes
   200 | D:1      | 200 ||| Stepping ~*~*~tactically~*~*~ (stealth).
   685 | D:1      | Reached XP level 3. HP: 21/21 MP: 7/7
   856 | D:1      | 856 ||| DROPPING +0 club.
   909 | D:1      | 909 ||| DROPPING +6 ring of intelligence.
   910 | D:1      | 910 ||| READING scroll labelled GYOSUOV IHOR.
   913 | D:1      | 913 ||| READING scroll labelled MUERUI XOWOZXI.
  1014 | D:1      | 1014 ||| READING scroll labelled ZUKKIRH VIPH.
  1015 | D:1      | 1015 ||| DRINKING 3 white potions.
  1016 | D:1      | 1016 ||| DROPPING scroll of blinking.
  1017 | D:1      | 1017 ||| DROPPING 2 potions of magic.
  1100 | D:2      | Reached skill level 4 in Axes
  1500 | D:2      | Identified the ring of Ulici {rPois rF+++ rCorr Str+4
                  | Dex-3}
  2213 | D:2      | 2213 ||| UPGRADING to +1 cloak of stealth.
  2218 | D:2      | 2218 ||| UPGRADING to +0 chain mail.
  2228 | D:2      | 2228 ||| DROPPING +0 leather armour.
  2229 | D:2      | 2229 ||| UPGRADING to ring of Ulici {rPois rF+++ rCorr
                  | Str+4 Dex-3}.
  2230 | D:2      | 2230 ||| READING scroll labelled HYXE FATAUHUM.
  2231 | D:2      | 2231 ||| READING scroll labelled UTAYCA REESCH.
  2350 | D:2      | 2350 ||| READING 2 scrolls of identify.
  2350 | D:2      | 2350 ||| IDENTIFYING clear potion
  2424 | D:3      | 2424 ||| DROPPING +0 whip of flaming.
  2482 | D:3      | 2482 ||| Stepping ~*~*~tactically~*~*~ (stealth).
  2489 | D:3      | HP: 5/21 [poisoned by an orc priest]
  2490 | D:3      | 2490 ||| READING scroll of teleportation.
  2490 | D:3      | HP: 1/21 [poisoned by an orc priest]
  2490 | D:3      | Mangled by an orc

Levels and vault maps discovered:
D:1:      matt_arrival_grand_opening, layout_basic, corner_web_ring,
          chequers_serial_rivers_micro_b, minmay_pentomino_q4
D:2:      layout_loops_corners
D:3:      minmay_roachtagon, layout_loops_ring, jmf_multi_god_temple

Skill      XL: |  1  2  3 |
---------------+----------+-----
Axes           | 3 4 |  4.4
Fighting       | |  2.0
Throwing       | |  1.0
Armour         | |  1.1
Dodging        | |  2.1
Spellcasting   | |  2.0
Translocations | |  2.4

Action                   || total
-------------------------++-------
Melee: Hand axe          ||    79
       Peck              ||    11
       Kick              ||    15
Throw: Boomerang         ||    12
  Use: Scroll            ||     7
       Potion            ||     1
Armor: Leather armour    ||     7
       Chain mail        ||    19
Dodge: Dodged            ||    29

Table legend:
 A = Non-vault XP
 B = Vault XP
 C = Vault XP percentage of total XP
 D = Non-vault monster count
 E = Vault monster count
 F = Vault count percentage of total count
                 A         B        C        D         E       F
            +---------+---------+-------+---------+---------+-------
      Total |      71 |       3 |   4.1 |      38 |       2 |   5.0
            +---------+---------+-------+---------+---------+-------
        D:1 |      36 |       3 |   7.7 |      22 |       2 |   8.3
        D:2 |      32 |       0 |   0.0 |      14 |       0 |   0.0
        D:3 |       3 |       0 |   0.0 |       2 |       0 |   0.0
            +---------+---------+-------+---------+---------+-------
